 Dungeon Crawl Stone Soup version 0.24-a0-458-gfcb5e6da0e (webtiles) character file.

Game seed: 4246589426435072217

18 Azzok the Firebug (level 2, -1/20 HPs)
             Began as a Hill Orc Fire Elementalist on June 27, 2019.
             Slain by a leopard gecko (3 damage)
             ... on level 1 of the Dungeon.
             The game lasted 00:01:33 (631 turns).

Azzok the Firebug (Hill Orc Fire Elementalist)       Turns: 631, Time: 00:01:34

Health: -1/20      AC:  2    Str: 10    XL:     2   Next: 70%
Magic:  1/4        EV: 12    Int: 15    God:
Gold:   0          SH:  0    Dex: 11    Spells: 3/4 levels left

rFire    . . .     SeeInvis .   (no weapon)
rCold    . . .     Gourm    .   (no shield)
rNeg     . . .     Faith    .   a - +0 robe
rPois    .         Spirit   .   (no helmet)
rElec    .         Reflect  .   (no cloak)
rCorr    .         Harm     .   (no gloves)
MR       .....                  (no boots)
Stlth    ++........             (no amulet)
HPRegen  0.06/turn              (no ring)
MPRegen  0.09/turn              (no ring)

@: no status effects
A: no striking features
a: no special abilities


You were on level 1 of the Dungeon.
You were not hungry.

You visited 1 branch of the dungeon, and saw 1 of its levels.

Inventory:

Armour
 a - a +0 robe (worn)
Scrolls
 d - 2 scrolls of identify {unknown}
 f - a scroll of magic mapping {unknown}
Potions
 e - a potion of curing {unknown}
Comestibles
 b - 2 chunks of flesh
 c - a ration


   Skills:
 - Level 1.5 Dodging
 - Level 1.5 Stealth
 + Level 1.9 Spellcasting
 + Level 1.6 Conjurations
 + Level 3.6 Fire Magic


You had 3 spell levels left.
You knew the following spells:

 Your Spells              Type           Power        Failure   Level  Hunger
a - Flame Tongue          Conj/Fire      #....        8%          1    ##.....

Your spell library contained the following spells:

 Spells                   Type           Power        Failure   Level  Hunger
 Throw Flame              Conj/Fire      #.....       12%         2    ###....
 Conjure Flame            Conj/Fire      #.......     22%         3    ####...
 Inner Flame              Hex/Fire       #.......     32%         3    ####...
 Sticky Flame             Conj/Fire      #.......     58%         4    #####..
 Fireball                 Conj/Fire      #.........   91%         5    ######.


Dungeon Overview and Level Annotations

Branches:
Dungeon (1/15)

Altars:


Message History

* * * LOW MAGIC WARNING * * *
The kobold hits you. The leopard gecko closely misses you.
Casting: Flame Tongue (safe; 8% risk of failure)
Confirm with . or Enter, or press ? or * to list all spells.
You don't have enough magic to cast that spell.
Casting: Flame Tongue (safe; 8% risk of failure)
Confirm with . or Enter, or press ? or * to list all spells.
You don't have enough magic to cast that spell.
The kobold throws a stone.
The stone closely misses you. The leopard gecko bites you.
* * * LOW HITPOINT WARNING * * *
The leopard gecko bites you.
* * * LOW HITPOINT WARNING * * *
You see here a stone.
The leopard gecko bites you.
* * * LOW HITPOINT WARNING * * *
Found a hunting sling.
The kobold throws a stone.
The stone barely misses you. The leopard gecko bites you.
You die...

▒·····[·······▒ ▒·▒
▒·▒···········▒▒▒▒
▒▒▒▒▒▒▒·▒
▒·················
········· ▒·······▒
·····▒·▒
▒†··(·!·▒▒▒▒▒▒▒▒▒▒▒▒▒·▒·▒
▒▒·▒▒···l·············▒·▒··
(▒··▒
▒····r············▒·▒··
▒[▒··
▒···Kl·▒▒▒▒▒▒▒▒▒▒·▒·▒··
▒▒·▒ ▒·▒(▒·@▒ ········▒·▒··
··▒·
····>···^···············
▒·▒
▒··········(▒▒····▒······
·····(····▒········▒······
··························
·····▒▒▒·▒·▒▒▒···▒▒▒▒·▒··
···) ▒·▒ ▒ ▒··· ···▒·· ···
▒·▒ ▒·· ▒▒▒▒▒·· ▒··


You could see a leopard gecko, a kobold, a frilled lizard and a rat.

Vanquished Creatures
  2 dart slugs (D:1)
  A leopard gecko (D:1)
  A bat (D:1)
  2 hobgoblins (D:1)
  A jackal (D:1)
  A ball python (D:1)
  3 frilled lizards (D:1)
  2 kobolds (D:1)
  A rat (D:1)
14 creatures vanquished.

Notes
Turn   | Place    | Note
-------+----------+-------------------------------------------
     0 | D:1      | Azzok the Hill Orc Fire Elementalist began the quest for
                  | the Orb.
     0 | D:1      | Reached XP level 1. HP: 14/14 MP: 3/3
   410 | D:1      | Reached XP level 2. HP: 20/20 MP: 0/4
   631 | D:1      | Slain by a leopard gecko

Levels and vault maps discovered:
D:1:      psy_arrival_terrarium, layout_basic, serial_bayou_lagoon_a,
          minmay_misc_feat_cross, minmay_hexomino_c4

Action                   || total
-------------------------++-------
Melee: Unarmed           ||    12
 Cast: Flame Tongue      ||    23
Armor: Robe              ||     2
Dodge: Dodged            ||    23

Table legend:
 A = Non-vault XP
 B = Vault XP
 C = Vault XP percentage of total XP
 D = Non-vault monster count
 E = Vault monster count
 F = Vault count percentage of total count
                 A         B        C        D         E       F
            +---------+---------+-------+---------+---------+-------
      Total |      24 |       3 |  11.1 |      13 |       1 |   7.1
            +---------+---------+-------+---------+---------+-------
        D:1 |      24 |       3 |  11.1 |      13 |       1 |   7.1
            +---------+---------+-------+---------+---------+-------
